 Dungeon Crawl Stone Soup version 0.32-a0-685-g93135e86f0 (webtiles) character file.

Game seed: 8552120143195900744

4370 gimp the Grappler (level 10, -2/102 HPs)
             Began as an Oni Shapeshifter on Mar 13, 2024.
             Was a Follower of Trog.
             Succumbed to orange demon's concentrated venom
             ... on level 8 of the Dungeon.
             The game lasted 00:10:15 (9893 turns).

gimp the Grappler (Oni Shapeshifter)                Turns: 9893, Time: 00:10:16

Health: -2/102     AC:  1    Str: 20    XL:     10   Next: 34%
Magic:  10/10      EV: 16    Int: 11    God:    Trog [*.....]
Gold:   459        SH:  0    Dex: 18    Spells: 9/9 levels left

rFire   + .          .
                       - Unarmed
rCold   + . .        (shield currently unavailable)
rNeg    . . .        a - melded +0 animal skin
rPois   +            (helmet restricted)
rElec   .            r - scarf {rC+ rF+}
rCorr   .            (gloves unavailable)
SInv    .            (boots unavailable)
Will    +....        (no amulet)
Stlth   +            x - +6 ring of dexterity
HPRegen 0.37/turn    b - ring of poison resistance
MPRegen 0.12/turn

%: no passive effects
@: lethally poisoned (-2 -> -19), flux-form, weakened, on berserk cooldown,
slowed, glowing, very slow
A: glow, contaminating, large, unfitting armour, horns 1, tough skin 1, double
potion healing, drunken brawling
a: Begin Untransformation, Renounce Religion, Berserk


You were on level 8 of the Dungeon.
You worshipped Trog.
Trog was aware of your devotion.
You were something dangerously unstable.
You visited 2 branches of the dungeon, and saw 9 of its levels.

You collected 459 gold pieces.

Inventory:

Armour
 a - a +0 animal skin (melded)
 r - a scarf of resistance (worn)
Jewellery
 b - a ring of poison resistance (right hand)
 c - an amulet of the acrobat
 t - a ring of flight
 x - a +6 ring of dexterity (left hand)
 A - a ring of ice
Talismans
 d - a flux talisman (active)
 g - a maw talisman
 B - a serpent talisman
Wands
 u - a wand of iceblast (3)
Scrolls
 e - 2 scrolls of enchant weapon {unknown}
 i - a scroll of blinking {unknown}
 l - 2 scrolls of enchant armour {unknown}
 m - 12 scrolls of identify {unknown}
 n - a scroll of summoning {unknown}
 o - 4 scrolls of fear {unknown}
 q - a scroll of noise {unknown}
 s - 2 scrolls of fog {unknown}
 w - 2 scrolls of vulnerability {unknown}
 y - 2 scrolls of poison {unknown}
Potions
 f - a potion of cancellation {unknown}
 h - a potion of haste {unknown}
 j - 2 potions of degeneration {unknown}
 k - a potion of enlightenment {unknown}
 p - 2 potions of attraction {unknown}
 v - 3 potions of heal wounds
 z - a potion of mutation {unknown}
 C - a potion of might
 D - 2 potions of curing


   Skills:
 - Level 7.0 Fighting
 * Level 4.4 Dodging
 + Level 9.3 Unarmed Combat
 + Level 8.7 Shapeshifting


You had 9 spell levels left.
You didn't know any spells.
Your spell library contained the following spells:

 Spells                   Type           Power      Damage    Failure   Level
 Magic Dart               Conj           0%         1d3       34%         1
 Blink                    Tloc           0%         N/A       47%         2
 Call Imp                 Summ           0%         N/A       47%         2
 Ensorcelled Hibernation  Hex/Ice        0%         N/A       47%         2
 Fugue of the Fallen      Necr           0%         N/A       71%         3
 Gell's Gravitas          Tloc           0%         N/A       71%         3
 Teleport Other           Tloc           0%         N/A       71%         3
 Anguish                  Hex/Necr       0%         N/A       98%         4
 Dispersal                Tloc           0%         N/A       100%        6


Dungeon Overview and Level Annotations

Branches:
Dungeon (8/15)             Temple (1/1) D:5
   Lair: D:8-11

Altars:
Ashenzari
Cheibriados
Dithmenos
Elyvilon
Fedhas
Gozag
Hepliaklqana
Kikubaaqudgha
Makhleb
Nemelex Xobeh
Okawaru
Qazlal
Ru
Sif Muna
Trog
Uskayaw
Vehumet
Wu Jian
Xom
Yredelemnul
Zin
The Shining One

Shops:
D:7 [

Annotations:
D:2 1 runed translucent door, exclusion: door, Crazy Yiuf
D:6 exclusions: centaur and 6 more exclusions


Innate Abilities, Weirdness & Mutations

You are something dangerously unstable.
You glow with magical radiation, making you easy to see and hit.
Foes you strike become dangerously contaminated with magical radiation.
You are incapable of wielding weapons or throwing items.
You are too large for most types of armour.
You have a pair of small horns on your head.
You have tough skin. (AC +1)
You gain doubled healing and magic from potions.
Whenever you drink a healing potion, you attack all around you.


Message History

Amaemon claws you. Amaemon misses you.
You punch Amaemon!
Amaemon begins to glow.
You headbutt Amaemon!
Amaemon is moderately wounded.
Amaemon gestures at the orange demon while chanting.
The orange demon's venom grows more potent.
The orange demon stings you from afar!
You now have 135/153 hp.
You hit Amaemon.
Amaemon glows dangerously bright.
Amaemon is moderately wounded.
You punch Amaemon!
Amaemon shudders as magic cascades through him!
Amaemon twists and deforms.
Amaemon is heavily wounded.
Amaemon hits you with a +0 demon whip of venom!
Amaemon barely misses you. Amaemon misses you.
The orange demon stings you from afar!
You take 22 damage, and have 114/153 hp.
You miss Amaemon. You headbutt Amaemon!
Amaemon is severely wounded.
You punch Amaemon!
Amaemon begins to glow.
Amaemon is almost dead.
Amaemon whispers, "Once I find the ORB, I'll be cured.
I'll be normal again!"
Amaemon completely misses you. Amaemon barely misses you. Amaemon misses you.
The orange demon stings you from afar!
You are poisoned.
You have difficulty breathing.
You feel yourself slow down.
You take 22 damage, and have 92/153 hp.
You hit Amaemon.
Amaemon glows dangerously bright.
Amaemon is almost dead.
You feel very sick. Amaemon completely misses you. Amaemon barely misses you.
Amaemon tail-slaps you. The orange demon misses you.
You take 8 damage, and have 84/153 hp.
You hit Amaemon.
Amaemon shudders as magic cascades through him!
You kill Amaemon!
Trog accepts your kill.
Trog appreciates your killing of a magic user.
You feel very sick.
Your Dodging skill increases to level 4!
You take 5 damage, and have 79/153 hp.
No target in range!
You feel very sick. The orange demon stings you!
You are more poisoned.
You have difficulty breathing.
You feel as though you will be slow longer.
The orange demon hits you.
Things that are here:
a +0 demon whip of venom; the demonspawn corpse of Amaemon You take 24 damage, and have 55/153 hp.
You are too injured to fight recklessly!
You are too injured to fight recklessly!
You are too injured to fight recklessly!
You are too injured to fight recklessly!
You hit the orange demon.
The orange demon begins to glow.
You headbutt the orange demon!
The orange demon is lightly wounded.
You feel extremely sick. The orange demon completely misses you.
The orange demon hits you!
* * * LOW HITPOINT WARNING * * *
You feel your attacks grow feeble.
You take 14 damage, and have 41/153 hp.
You hit the orange demon.
The orange demon glows dangerously bright.
The orange demon is moderately wounded.
You feel very sick. The orange demon completely misses you.
The orange demon hits you.
* * * LOW HITPOINT WARNING * * *
You feel as though you will be weak longer.
You take 7 damage, and have 34/153 hp.
You hit the orange demon.
The orange demon shudders as magic cascades through it!
The orange demon twists and deforms.
The orange demon is severely wounded.
You feel very sick. The orange demon stings you.
* * * LOW HITPOINT WARNING * * *
You resist. The orange demon hits you.
* * * LOW HITPOINT WARNING * * *
You feel as though you will be weak longer.
You take 13 damage, and have 21/153 hp.
You hit the orange demon.
The orange demon begins to glow.
The orange demon is severely wounded.
You are no longer berserk.
You are exhausted.
You feel as though you will be slow longer.
* * * LOW HITPOINT WARNING * * *
You feel very sick. The orange demon stings you.
* * * LOW HITPOINT WARNING * * *
The orange demon hits you.
* * * LOW HITPOINT WARNING * * *
You feel as though you will be weak longer.
You now have 3/102 hp.
You hit the orange demon.
The orange demon glows dangerously bright.
You headbutt the orange demon.
The orange demon is almost dead.
You die...

#.......# #.......#
#.......# ###.......#
.####'###########
.####.###.......#######
###
........+.......'......
...
......###......4######
#.#
............####p....#
#.# # .....#####..
#.....####.# .# .###.#
+.....'....##+##.#
.#<#.#
#.....#..........#
...#.#
#.....#..........#
...#.#
#######..........#
.#.รท.## #######'##.#
(#....# ########.##.#
.#.#..# .....<......#


You could see an orange demon (curare, heavy contam, misshapen).

Vanquished Creatures
  Amaemon (D:8)
  4 vampire mosquitoes (D:5)
  2 water moccasins
  4 ice beasts
  2 orc warriors
  Pargi (D:3)
  2 centaurs (D:7)
  2 ogres
  2 phantoms
  A kobold brigand (D:8)
  6 bullfrogs
  4 scorpions
  8 wights
  4 killer bees (D:8)
  2 bombardier beetles
  2 hounds
  4 orc priests
  A jelly (D:6)
  2 gnoll boudas
  2 sleepcaps
  2 iguanas
  2 orc wizards (D:7)
  Terence (D:3)
  6 gnolls
  4 adders
  2 white imps
  3 dart slugs
  2 ribbon worms
  23 orcs
  5 endoplasms
  6 giant cockroaches
  5 goblins
  5 hobgoblins
  2 jackals (D:1)
  A quokka (D:2)
  5 ball pythons
  6 bats
  4 frilled lizards
  10 kobolds
  5 rats
155 creatures vanquished.

Notes
Turn   | Place    | Note
-------+----------+-------------------------------------------
     0 | D:1      | gimp the Oni Shapeshifter began the quest for the Orb.
     0 | D:1      | Reached XP level 1. HP: 19/19 MP: 1/1
   101 | D:1      | Reached XP level 2. HP: 29/29 MP: 2/2
   278 | D:1      | Reached skill level 3 in Unarmed Combat
   372 | D:1      | Reached XP level 3. HP: 37/37 MP: 3/3
   760 | D:2      | Reached XP level 4. HP: 35/48 MP: 4/4
  1199 | D:2      | Found a runed translucent door.
  1200 | D:2      | Noticed Crazy Yiuf
  1371 | D:3      | Noticed a scorpion
  1546 | D:3      | Noticed Terence
  1554 | D:3      | Killed Terence
  1555 | D:3      | Reached skill level 5 in Fighting
  1647 | D:3      | Noticed Pargi
  1663 | D:3      | Killed Pargi
  1664 | D:3      | Reached XP level 5. HP: 14/59 MP: 5/5
  2230 | D:3      | Reached skill level 4 in Unarmed Combat
  2230 | D:3      | Reached XP level 6. HP: 49/68 MP: 6/6
  2709 | D:4      | Found a white marble altar of Elyvilon.
  2949 | D:4      | Reached XP level 7. HP: 43/78 MP: 7/7
  3516 | D:5      | Entered Level 5 of the Dungeon
  3525 | D:5      | Reached skill level 5 in Unarmed Combat
  3575 | D:5      | Noticed a vampire mosquito
  3576 | D:5      | Noticed a vampire mosquito
  3579 | D:5      | Noticed a vampire mosquito
  4314 | D:5      | Reached XP level 8. HP: 62/78 MP: 8/8
  4324 | D:5      | HP: 3/79 [orc/+0 mace (5)]
  4688 | D:5      | Reached skill level 6 in Unarmed Combat
  4688 | D:5      | Reached skill level 5 in Shapeshifting
  5006 | D:5      | Found a staircase to the Ecumenical Temple.
  5015 | D:5      | Reached skill level 7 in Unarmed Combat
  5025 | Temple   | Entered the Ecumenical Temple
  5040 | Temple   | Became a worshipper of Trog the Wrathful
  5094 | D:5      | Identified the +6 mace of Cepokueba {freeze, rC+ rN+ Str-3}
  5427 | D:5      | Reached XP level 9. HP: 92/93 MP: 9/9
  7406 | D:7      | Reached skill level 8 in Unarmed Combat
  7790 | D:7      | Found Roumep's Armour Boutique.
  8838 | D:7      | Reached XP level 10. HP: 77/97 MP: 10/10
  8957 | D:7      | Reached skill level 9 in Unarmed Combat
  9248 | D:8      | Reached * piety under Trog
  9872 | D:8      | Noticed Amaemon
  9878 | D:8      | Noticed an orange demon
  9887 | D:8      | Killed Amaemon
  9892 | D:8      | HP: 5/102 [orange demon[Amaemon] (4)]
  9893 | D:8      | Succumbed to orange demon's concentrated venom

Illustrated notes

Levels and vault maps discovered:
D:1:      dpeg_arrival_tiny_j, layout_loops_ring, minmay_fountain_box,
          serial_bayou_pond_b
D:2:      layout_basic, nicolae_underground_beach, uniq_crazy_yiuf_cottage
D:3:      layout_basic, uniq_pargi, uniq_terence
D:4:      layout_loops_cross, elyvilon_altar_5
D:5:      layout_layer_cave, minmay_temple_entry_sparse_star
D:6:      layout_basic, centaur_isle
D:7:      layout_gridville, serial_shops, shop
D:8:      layout_basic, uniq_amaemon
Temple:   mainiacjoe_temple_trianglar_array

Skill      XL: |  1  2  3  4  5  6  7  8  9 10 |
---------------+-------------------------------+-----
Fighting       | 2 3 4 5 6 7 |  7.0
Unarmed Combat | 3 4 5 7 8 9 |  9.3
Shapeshifting  | 4 6 8 |  8.7
Dodging        | 2 4 |  4.4

Action                     |  1- 3 |  4- 6 |  7- 9 | 10-12 || total
---------------------------+-------+-------+-------+-------++-------
  Melee: Unarmed           |    64 |   138 |   242 |    66 ||   510
         Headbutt          |     9 |    24 |    52 |    15 ||   100
         Punch             |       |     2 |    10 |       ||    12
 Invoke: Berserk           |       |       |       |     2 ||     2
  Evoke: Wand              |       |       |     1 |       ||     1
    Use: Potion            |       |     1 |     6 |       ||     7
   Stab: Sleeping          |     1 |       |     3 |       ||     4
 Armour: Animal skin       |    41 |   108 |   133 |       ||   282
         Skin              |       |       |    58 |    43 ||   101
  Dodge: Dodged            |    27 |    59 |   132 |    65 ||   283
         Form:             |       |       |     1 |       ||     1
         Beast             |       |       |     1 |       ||     1
         Flux              |       |       |     1 |       ||     1

Table legend: (Time is in decaauts)
 A = Elapsed time spent in this place.
 B = Non-inter-level travel time spent in this place.
 C = Inter-level travel time spent in this place.
 D = Time resting spent in this place.
 E = Time spent auto-exploring this place.
 F = Levels seen in this place.
 G = Mean time per level.
                   A        B        C        D        E       F      G
               +--------+--------+--------+--------+--------+-----+--------+
         Total |   9840 |   9515 |    325 |    353 |   7803 |   9 | 1093.3 |
       Dungeon |   9811 |   9511 |    300 |    353 |   7803 |   8 | 1226.4 |
        Temple |     28 |      3 |     25 |      0 |      0 |   1 |   28.0 |
               +--------+--------+--------+--------+--------+-----+--------+

Top non-repeatable levels by time:
     D:5: 1891 daAuts
     D:7: 1807 daAuts
     D:6: 1679 daAuts
     D:3: 1367 daAuts
     D:4: 1114 daAuts
     D:8: 667 daAuts
     D:2: 645 daAuts
     D:1: 637 daAuts
  Temple: 28 daAuts
